 Dungeon Crawl Stone Soup version 0.21-a0-584-g185da8e (webtiles) character file.

1276 mortelune the Conjurer (level 8, -9/41 HPs)
             Began as a Deep Elf Fire Elementalist on Dec 20, 2017.
             Killed from afar by an electric eel (12 damage)
             ... with a bolt of electricity
             ... on level 6 of the Dungeon.
             The game lasted 00:31:48 (7630 turns).

mortelune the Conjurer (Deep Elf Fire Elementalist) Turns: 7630, Time: 00:31:48

Health: -9/41      AC:  4    Str:  5    XL:     8   Next: 28%
Magic:  20/20      EV: 13    Int: 23    God:
Gold:   285        SH:  0    Dex: 15    Spells: 1/21 levels left

rFire    . . .     SeeInvis +   A - +7 great mace "Undeadhunter" {disrupt, rN+}
rCold    . . .     Gourm    .   (shield currently unavailable)
rNeg     + . .     Faith    .   a - +0 robe
rPois    .         Spirit   .   (no helmet)
rElec    .         Reflect  .   (no cloak)
rCorr    .         Harm     .   n - +0 pair of gloves
MR       .....                  w - +0 pair of boots
Stlth    ++........             (no amulet)
HPRegen  0.13/turn              i - ring of wizardry
MPRegen  0.17/turn              o - ring of see invisible

@: about to teleport
A: no striking features
a: no special abilities


You were on level 6 of the Dungeon.
You were not hungry.

You visited 2 branches of the dungeon, and saw 7 of its levels.

You collected 285 gold pieces.

Inventory:

Hand Weapons
 e - a +0 dagger
 m - a +0 hunting sling
 t - a +0 halberd
 A - the +7 great mace "Undeadhunter" (weapon) {disrupt, rN+}
   (You found it on level 5 of the Dungeon)

   It protects you from negative energy.
Missiles
 k - 126 stones (quivered)
Armour
 a - a +0 robe (worn)
 n - a +0 pair of gloves (worn)
 v - a +0 buckler of reflection
 w - a +0 pair of boots (worn)
Jewellery
 i - a ring of wizardry (left hand)
 o - a ring of see invisible (right hand)
 y - an uncursed ring of positive energy {unknown}
 C - an uncursed ring of fire {unknown}
Wands
 z - a wand of paralysis (15)
 B - a wand of polymorph (13)
 E - a wand of flame (22)
 I - a wand of disintegration (11)
Scrolls
 f - 3 scrolls of teleportation
 j - 2 scrolls of amnesia
 p - a scroll of fog {unknown}
 r - a scroll of blinking {unknown}
 u - 2 scrolls of noise {unknown}
 x - 3 scrolls of identify
 G - a scroll of fear {unknown}
 H - a scroll of remove curse {unknown}
Potions
 d - a potion of resistance
 g - a potion of lignification
 h - 4 potions of curing
 l - 2 potions of mutation
 q - a potion of heal wounds
 s - a potion of flight
 F - a potion of might {unknown}
Books
 b - a book of Flames

   Spells                             Type                      Level
   a - Flame Tongue                   Conjuration/Fire             1
   b - Throw Flame                    Conjuration/Fire             2
   c - Conjure Flame                  Conjuration/Fire             3
   d - Inner Flame                    Hexes/Fire                   3
   e - Sticky Flame                   Conjuration/Fire             4
   f - Fireball                       Conjuration/Fire             5
 D - a book of the Tempests

   Spells                             Type                      Level
   a - Static Discharge               Conjuration/Air              3
   b - Lightning Bolt                 Conjuration/Air              5
   c - Ignition                       Fire                         8
   d - Tornado                        Air                          9
   e - Shatter                        Earth                        9
Comestibles
 c - 10 rations
 J - 6 chunks of flesh


   Skills:
 - Level 2.4 Dodging
 - Level 2.4 Stealth
 + Level 7.1 Spellcasting
 * Level 7.7 Conjurations
 + Level 6.3 Fire Magic
 + Level 1.0 Air Magic


You had one spell level left.
You knew the following spells:

 Your Spells              Type           Power        Failure   Level  Hunger
a - Flame Tongue          Conj/Fire      #####        1%          1    None
b - Throw Flame           Conj/Fire      #####.       1%          2    None
c - Conjure Flame         Conj/Fire      #####...     1%          3    None
d - Sticky Flame          Conj/Fire      #####...     1%          4    ###....
e - Fireball              Conj/Fire      #####.....   4%          5    #####..
f - Lightning Bolt        Conj/Air       ####......   14%         5    #####..


Dungeon Overview and Level Annotations

Branches:
Dungeon (6/15)             Temple (1/1) D:5

Altars:
Ashenzari
Dithmenos
Elyvilon
Fedhas
Gozag
Hepliaklqana
Kikubaaqudgha
Makhleb
Nemelex Xobeh
Okawaru
Qazlal
Ru
Trog
Uskayaw
Wu Jian
Xom
Yredelemnul
The Shining One


Message History

Casting: Sticky Flame
Confirm with . or Enter, or press ? or * to list all spells.
Aiming: Flame Tongue
Press: ? - help, Shift-Dir - straight line, f - electric eel
Aim: an electric eel Your line of fire to the electric eel is blocked by a plant.
Continue anyway?
Okay, then.
The electric eel shoots out a bolt of lightning at you!
The bolt of electricity hits the plant.
The bolt of electricity hits you!
* * * LOW HITPOINT WARNING * * *
The bolt of electricity misses you.
The bolt of electricity hits the plant.
The bolt of electricity hits the electric eel.
The electric eel completely resists.
As you read the scroll of teleportation, it crumbles to dust.
You feel strangely unstable.
The electric eel shoots out a bolt of lightning at you!
The bolt of electricity hits the plant.
The bolt of electricity hits you!
* * * LOW HITPOINT WARNING * * *
The bolt of electricity hits you!
You die...

#.. #... PPP.## ≈≈≈≈.###
♣≈≈≈≈P# ♣P;P.#
♣♣≈P.#########
♣P≈.@........##
♣≈P..###.###..#
♣≈P.##♣P.♣ ##.## ≈≈P≈P>
♣P≈P #..# .≈P.P.. ♣≈.♣♣
##.## #...... ♣♣.≈♣ #..#
.# .....♣♣♣♣♣♣≈P♣ ♣♣.#
##.#
..##.#..[≈♣♣P≈≈≈≈♣♣♣♣..#
##.#
.........≈≈≈≈≈≈.≈≈≈...#


You could see an electric eel.

Vanquished Creatures
  A phantom (D:4)
  A sky beast (D:5)
  3 ogres
  2 centaurs
  A wyvern zombie (D:6)
  A scorpion (D:5)
  A howler monkey (D:5)
  A bullfrog zombie (D:5)
  A centaur skeleton (D:5)
  3 orc priests
  2 orc wizards
  2 worker ants
  A worker ant zombie (D:5)
  Robin (D:3)
  4 gnolls (D:3)
  9 adders
  An adder zombie (D:5)
  An ooze (D:1)
  An adder skeleton (D:6)
  5 worms
  3 dart slugs
  2 leopard geckos (D:2)
  14 orcs
  2 ball pythons
  6 giant cockroaches
  23 goblins
  19 hobgoblins
  2 jackals (D:5)
  6 kobolds
  A quokka (D:4)
  7 bats
  2 frilled lizards (D:3)
  3 rats
132 creatures vanquished.

Notes
Turn   | Place    | Note
-------+----------+-------------------------------------------
     0 | D:1      | mortelune the Deep Elf Fire Elementalist began the quest for the Orb.
     0 | D:1      | Reached XP level 1. HP: 10/10 MP: 6/6
   152 | D:1      | Reached XP level 2. HP: 15/15 MP: 4/8
   156 | D:1      | Learned a level 2 spell: Throw Flame
   711 | D:1      | Reached XP level 3. HP: 14/19 MP: 0/10
   830 | D:1      | Learned a level 3 spell: Conjure Flame
  1582 | D:2      | Reached XP level 4. HP: 24/24 MP: 9/11
  1675 | D:2      | Found a shattered altar of Ashenzari.
  2604 | D:3      | Learned a level 4 spell: Sticky Flame
  2621 | D:3      | Found a shimmering altar of Xom.
  2623 | D:3      | Found a shimmering altar of Xom.
  2623 | D:3      | Found a shimmering altar of Xom.
  2637 | D:3      | Noticed Robin
  2651 | D:3      | Killed Robin
  2975 | D:3      | Reached XP level 5. HP: 28/28 MP: 8/13
  4092 | D:4      | Noticed a phantom
  4102 | D:4      | Killed a phantom
  4102 | D:4      | Reached skill level 5 in Spellcasting
  4102 | D:4      | Reached skill level 5 in Conjurations
  4102 | D:4      | Reached XP level 6. HP: 24/32 MP: 5/15
  4213 | D:4      | Reached skill level 5 in Fire Magic
  4306 | D:4      | Learned a level 5 spell: Fireball
  4753 | D:4      | Found a white marble altar of Elyvilon.
  4927 | D:4      | Reached XP level 7. HP: 25/36 MP: 7/17
  5635 | D:5      | Entered Level 5 of the Dungeon
  6088 | D:5      | Found a staircase to the Ecumenical Temple.
  6098 | Temple   | Entered the Ecumenical Temple
  6734 | D:5      | Reached XP level 8. HP: 11/41 MP: 11/20
  7020 | D:5      | Found the +7 great mace "Undeadhunter" {disrupt, rN+}
  7403 | D:5      | Learned a level 5 spell: Lightning Bolt
  7578 | D:6      | Reached skill level 1 in Air Magic
  7630 | D:6      | Killed from afar by an electric eel

Vault maps used:
D:1:      dpeg_arrival_pits, minmay_small_reverse_x
D:2:      nicolae_ashenzari_panopticon
D:3:      xom_redecorated, first_ration, uniq_robin
D:4:      cheibrodos_greedy_goblins, old_standard_altar, serial_corexii_hall,
          corexii_hall_statues_x, corexii_hall_statues_l,
          corexii_hall_statues_deadend, corexii_hall_statues_s,
          corexii_hall_statues_deadend, corexii_hall_statues_l,
          serial_bayou_lagoon_a, kennysheep_generic_room_3
D:5:      temple_fountains
D:6:      black_bear_nest_1, kennysheep_mini, serial_shops, shop, serial_bayou,
          serial_bayou_pond_e, serial_bayou_crossing, serial_bayou_lake_a,
          serial_bayou_pond_a, serial_bayou_pond_c, serial_bayou_shore_b,
          uniq_pikel
Temple:   regret_index_temple_generic_petals

Skill      XL: |  1  2  3  4  5  6  7  8 |
---------------+-------------------------+-----
Conjurations   | 2 3 5 7 |  7.7
Spellcasting   | 4 5 6 7 |  7.1
Fire Magic     | 4 5 6 |  6.3
Air Magic      | 1 |  1.0
Dodging        | |  2.4
Stealth        | |  2.4

Action                   |  1- 3 |  4- 6 |  7- 9 || total
-------------------------+-------+-------+-------++-------
Melee: Dagger            |     2 |       |       ||     2
       Halberd           |       |     2 |     4 ||     6
       Great mace        |       |       |     2 ||     2
 Cast: Flame Tongue      |    67 |   110 |    54 ||   231
       Throw Flame       |     9 |    26 |    29 ||    64
       Conjure Flame     |       |     3 |     2 ||     5
       Sticky Flame      |       |     4 |     8 ||    12
       Fireball          |       |       |     1 ||     1
  Use: Scroll            |       |     7 |     1 ||     8
  Eat: Chunk             |     1 |     5 |     6 ||    12
       Ration            |       |     2 |     1 ||     3
Armor: Robe              |     5 |     7 |     1 ||    13
Dodge: Dodged            |    14 |    27 |    14 ||    55

Table legend:
 A = Spawn XP
 B = Non-spawn XP
 C = Spawn XP percentage of total XP
 D = Spawn monster count
 E = Non-spawn monster count
 F = Spawn count percentage of total count
 G = Total turns spent on level
                    A         B        C        D         E        F      G
               +---------+---------+-------+---------+---------+-------+---------
         Total |       0 |    1823 |   0.0 |       0 |     132 |   0.0 |  7630
               +---------+---------+-------+---------+---------+-------+---------
           D:1 |       0 |      57 |   0.0 |       0 |      27 |   0.0 |  1053
           D:2 |       0 |     134 |   0.0 |       0 |      22 |   0.0 |  1899
           D:3 |       0 |     154 |   0.0 |       0 |      32 |   0.0 |  1346
           D:4 |       0 |     428 |   0.0 |       0 |      25 |   0.0 |  1337
           D:5 |       0 |     795 |   0.0 |       0 |      20 |   0.0 |  1566
           D:6 |       0 |     255 |   0.0 |       0 |       6 |   0.0 |   219
               +---------+---------+-------+---------+---------+-------+---------
